AoeStats
← Thomsen

Arabia

503418064Analyzed
2v2 RM · 1mo ago on Aug 31, 2026· 17m 57s· 4 players
Game mode
Random Map
Map size
Medium (4 player)
Population
200
Speed
Normal
Resources
Standard
Victory
Conquest
Starting age
Dark Age
Ending age
Imperial Age
RankedLock teamsTeams togetherTeam positionsShared explorationLock speedFull tech treeHidden civsTurbo modeCheats
Victory
Defeat
🇺🇸 Cumans · United States
1014
+15
🇩🇰 Bohemians · Denmark
945
+18
🇹🇼 Saracens · Taiwan
992
-17
🇹🇼 Inca · Taiwan
992
-17
cjblikstad
1:17 Loom
11:08 Feudal Age
12:51 Wheelbarrow
12:12 Man-at-Arms
13:58 Forging
Thomsen
11:42 Feudal Age
9:58 Loom
12:08 Double-Bit Axe
12:08 Horse Collar
20:26 Castle Age
HBforever
7:16 Loom
10:03 Feudal Age
11:07 Double-Bit Axe
12:35 Horse Collar
timmywang50301
9:13 Loom
11:19 Feudal Age
13:08 Double-Bit Axe
13:06 Horse Collar
18:04 Castle Age
Connection lost

Rejoining the realm…

Still unreachable

The connection could not be restored.

Session expired

The server has moved on; the page needs a fresh start.